 Dungeon Crawl Stone Soup version 0.24.0-37-gcf1ca852f1 (webtiles) character file.

Game seed: 8226601055121711167, levelgen mode: deterministic

1968 Mrkan the Grappler (level 9, -26/91 HPs)
             Began as a Troll Monk on Nov 26, 2019.
             Was a Priest of Ru.
             Annihilated by a purple very ugly thing (31 damage)
             ... on level 1 of the Abyss.
             The game lasted 00:08:56 (4240 turns).

Mrkan the Grappler (Troll Monk)                     Turns: 4240, Time: 00:08:57

Health: -26/91     AC:  7    Str: 24    XL:     9   Next: 0%
Magic:  8/8        EV: 10    Int:  9    God:    Ru [***...]
Gold:   183        SH:  0    Dex: 12    Spells: 8/8 levels left

rFire    . . .     SeeInvis .     - Unarmed
rCold    . . .     Gourm    +   (no shield)
rNeg     . . .     Faith    .   a - +0 robe
rPois    .         Spirit   .   (helmet restricted)
rElec    .         Reflect  .   v - +0 cloak
rCorr    .         Harm     .   (gloves unavailable)
MR       +....                  (boots unavailable)
Stlth    ++........             (no amulet)
HPRegen  0.65/turn              D - ring "Gealeiwn" {MR+ Str+7}
MPRegen  0.11/turn              (no ring)

@: no status effects
A: large, unfitting armour, claws 3, fast metabolism 3, gourmand, regeneration
1, shaggy fur 1, tough skin 3, [weak 2], [subdued magic 2], inability to train
armour, inexperienced 1
a: Draw Out Power, Renounce Religion


You were on level 1 of the Abyss.
You worshipped Ru.
Ru was most pleased with you.
You were near starving.

You visited 1 branch of the dungeon, and saw 6 of its levels.
You visited the Abyss 1 time.

You collected 298 gold pieces.
You spent 115 gold pieces at shops.

Inventory:

Missiles
 n - 3 poisoned darts (quivered)
 A - a throwing net
Armour
 a - a +0 robe (worn)
 v - a +0 cloak (worn)
Jewellery
 l - an uncursed amulet of rage
 o - an uncursed ring of stealth {unknown}
 t - a +3 ring of dexterity {unknown}
 y - a cursed ring of stealth {unknown}
 B - an uncursed ring of flight {unknown}
 D - the ring "Gealeiwn" (left claw) {MR+ Str+7}
   (You bought it in a shop on level 5 of the Dungeon)

   [ring of protection from magic]

   It affects your strength (+7).
   It affects your resistance to hostile enchantments.
Wands
 u - a wand of iceblast (4)
 E - a wand of flame (17)
Scrolls
 c - 4 scrolls of identify
 e - 2 scrolls of teleportation
 g - 2 scrolls of enchant armour {unknown}
 h - a scroll of enchant weapon {unknown}
 k - a scroll of blinking {unknown}
 p - 2 scrolls of remove curse {unknown}
 q - 2 scrolls of amnesia {unknown}
 r - a scroll of magic mapping {unknown}
 x - a scroll of fear {unknown}
 C - a scroll of immolation {unknown}
Potions
 d - 2 potions of degeneration {unknown}
 f - a potion of haste {unknown}
 i - 3 potions of lignification {unknown}
 j - a potion of flight {unknown}
 m - a potion of invisibility {unknown}
 s - a potion of curing {unknown}
 w - a potion of heal wounds {unknown}
Comestibles
 b - 11 rations


   Skills:
 + Level 6.3 Fighting
 - Level 2.4 Dodging
 - Level 1.0 Stealth
 * Level 10.3 Unarmed Combat


You had 8 spell levels left.
You didn't know any spells.
Your spell library was empty.

Dungeon Overview and Level Annotations

Branches:
Dungeon (6/15)             Temple (0/1) D:4

Altars:
Ru
Xom
Zin

Shops:
D:5 *(::

Annotations:
D:5 2 runed translucent doors, Vikmgn's ghost, novice MiFi


Innate Abilities, Weirdness & Mutations

You are too large for most types of armour.
You have claws for hands.
Your metabolism is lightning-fast.
You like to eat raw meat.
Your natural rate of healing is unusually fast.
You are covered in fur. (AC +1)
You have extremely tough skin. (AC +3)
You cannot train Armour skill.
You are somewhat inexperienced. (-2 XL)
[You are very weak. (Str -4)]
[Your spells are easier to cast, but less powerful.]


Message History

The purple very ugly thing is lightly wounded.
The purple very ugly thing closely misses you.
You mangle the purple very ugly thing!!
The purple very ugly thing is moderately wounded.
A small abomination comes into view.
The purple very ugly thing tentacle-slaps you!!
You mangle the purple very ugly thing!!
The purple very ugly thing is heavily wounded.
The purple very ugly thing tentacle-slaps you!!
* * * LOW HITPOINT WARNING * * *
You claw the purple very ugly thing!
The purple very ugly thing is severely wounded.
The purple very ugly thing tentacle-slaps you!
* * * LOW HITPOINT WARNING * * *
You scratch the purple very ugly thing.
The purple very ugly thing is severely wounded.
You claw the purple very ugly thing!
The purple very ugly thing is almost dead.
The purple very ugly thing tentacle-slaps you!!
You die...

. . ..## .
.# ## ### ..
. # #..#..
.##.#####..#
# #.....# .
. ###..####
#.# #
##.@u.x..#.
# #
#.##...#...
# # #
##...### . #
# ##### #.#
. . ## # #


You could see a purple very ugly thing and a small abomination.

Vanquished Creatures
  A wretched star (Abyss:1)
  Grinder (D:3)
  Sigmund (D:2)
  Menkaure (D:4)
  2 orc warriors (D:6)
  2 small abominations (Abyss:1)
  An ogre (D:4)
  Blork the orc (D:4)
  A scorpion (D:5)
  A crimson imp (D:5)
  A jelly (D:6)
  2 orc priests (D:6)
  Crazy Yiuf (D:3)
  A gnoll shaman (D:4)
  Jessica (D:3)
  2 iguanas
  Terence (D:2)
  2 orc wizards
  5 worker ants
  A hound zombie (D:4)
  A hound skeleton (D:5)
  8 gnolls
  4 adders
  An adder zombie (D:3)
  5 worms
  2 dart slugs (D:1)
  12 orcs
  6 bats
  7 giant cockroaches
  7 goblins
  6 hobgoblins
  2 jackals (D:3)
  11 kobolds
  A quokka (D:3)
  2 ball pythons
  6 frilled lizards
  14 rats
  A fungus (D:3)
125 creatures vanquished.

Vanquished Creatures (others)
  A small abomination (Abyss:1)
  A jelly (Abyss:1)
  A lurking horror (Abyss:1)
3 creatures vanquished.

Grand Total: 128 creatures vanquished

Notes
Turn   | Place    | Note
-------+----------+-------------------------------------------
     0 | D:1      | Mrkan the Troll Monk began the quest for the Orb.
     0 | D:1      | Reached XP level 1. HP: 22/22 MP: 0/0
   164 | D:1      | Reached XP level 2. HP: 28/29 MP: 1/1
   443 | D:1      | Reached XP level 3. HP: 36/36 MP: 2/2
   675 | D:2      | Reached skill level 4 in Unarmed Combat
   833 | D:2      | Noticed Terence
   837 | D:2      | Reached XP level 4. HP: 45/45 MP: 3/3
   847 | D:2      | Killed Terence
   997 | D:2      | Reached skill level 5 in Unarmed Combat
  1031 | D:2      | Noticed Sigmund
  1044 | D:3      | Reached XP level 5. HP: 28/53 MP: 4/4
  1084 | D:3      | Noticed Jessica
  1089 | D:3      | Killed Jessica
  1133 | D:2      | Killed Sigmund
  1133 | D:2      | Reached skill level 6 in Unarmed Combat
  1133 | D:2      | Reached XP level 6. HP: 30/62 MP: 5/5
  1460 | D:3      | Found a sacrificial altar of Ru.
  1478 | D:3      | Became a worshipper of Ru the Awakened
  1490 | D:3      | Gained mutation: You are somewhat inexperienced. (-2 XL)
                  | [Ru sacrifice]
  1490 | D:3      | Reached XP level 5. HP: 54/54 MP: 4/4
  1490 | D:3      | Reached XP level 4. HP: 48/48 MP: 3/3
  1490 | D:3      | Reached * piety under Ru
  1490 | D:3      | Reached ** piety under Ru
  1848 | D:3      | Noticed Grinder
  1859 | D:3      | Killed Grinder
  1859 | D:3      | Reached skill level 7 in Unarmed Combat
  1859 | D:3      | Reached XP level 5. HP: 45/55 MP: 4/4
  1859 | D:3      | Reached XP level 6. HP: 51/63 MP: 5/5
  1986 | D:3      | Found a runed translucent door.
  1987 | D:3      | Noticed Crazy Yiuf
  1994 | D:3      | Killed Crazy Yiuf
  2084 | D:4      | Noticed Blork the orc
  2096 | D:4      | Killed Blork the orc
  2189 | D:4      | Found a staircase to the Ecumenical Temple.
  2238 | D:4      | Noticed an angel
  2239 | D:4      | Found a shimmering altar of Xom.
  2239 | D:4      | Found a glowing silver altar of Zin.
  2243 | D:4      | Reached XP level 7. HP: 55/71 MP: 6/6
  2385 | D:4      | Noticed Menkaure
  2388 | D:4      | Killed Menkaure
  2388 | D:4      | Reached skill level 8 in Unarmed Combat
  2403 | D:4      | Reached skill level 5 in Fighting
  2589 | D:5      | Entered Level 5 of the Dungeon
  2785 | D:5      | Found Naedyqy's Assorted Antiques.
  2798 | D:5      | Bought a bound tin ring for 115 gold pieces
  2798 | D:5      | Identified the ring "Gealeiwn" {MR+ Str+7} (You bought it
                  | in a shop on level 5 of the Dungeon)
  2825 | D:5      | Found Faataost's Book Boutique.
  2864 | D:5      | Found Faeza's Weapon Emporium.
  2891 | D:5      | Gained mutation: You cannot train Armour skill. [Ru
                  | sacrifice]
  2891 | D:5      | Reached *** piety under Ru
  2894 | D:5      | Found a runed translucent door.
  2907 | D:5      | Reached XP level 8. HP: 80/80 MP: 7/7
  3051 | D:5      | Found Ymoorooh's Book Shop.
  3164 | D:5      | Found a runed translucent door.
  3169 | D:5      | Noticed Vikmgn's ghost (novice MiFi)
  3214 | D:6      | Reached skill level 9 in Unarmed Combat
  3233 | D:6      | Cast into level 1 of the Abyss (orc)
  3319 | Abyss:1  | Noticed a wretched star
  3339 | Abyss:1  | Killed a wretched star
  3339 | Abyss:1  | Reached skill level 10 in Unarmed Combat
  4139 | Abyss:1  | Noticed a purple very ugly thing
  4182 | Abyss:1  | Noticed a rakshasa
  4200 | Abyss:1  | Reached XP level 9. HP: 37/91 MP: 8/8
  4238 | Abyss:1  | HP: 4/91 [purple very ugly thing (12)]
  4240 | Abyss:1  | Annihilated by a purple very ugly thing

Levels and vault maps discovered:
D:1:      dpeg_arrival_ratfight, layout_loops_cross
D:2:      layout_rooms, minmay_pentomino_q4, uniq_sigmund, uniq_terence
D:3:      layout_basic, nicolae_ru_sacrificial_ziggurat, uniq_jessica,
          uniq_crazy_yiuf_cottage, uniq_grinder
D:4:      layout_loops_ring, grunt_temple_overflow_order_and_chaos_1,
          uniq_menkaure, uniq_blork_the_orc
D:5:      layout_cave_pools, serial_shops, shop, shop, shop, shop, first_ration,
          ebering_ghost_sewer_f
D:6:      minmay_chambers_of_fours, layout_basic, fedhas_ov_isle_minmay,
          uniq_edmund
Abyss:1:  base: D:6, minivault_5

Skill      XL: |  1  2  3  4  5  6  7  8 |
---------------+-------------------------+-----
Unarmed Combat | 4 7 6 8 10 | 10.3
Fighting       | 3 4 5 6 |  6.3
Dodging        | |  2.4
Stealth        | |  1.0

Action                   |  1- 3 |  4- 6 |  7- 9 || total
-------------------------+-------+-------+-------++-------
Melee: Unarmed           |    82 |   133 |   119 ||   334
       Punch             |       |     2 |     5 ||     7
Invok: Sacrifice Experie |       |     1 |       ||     1
       Sacrifice Durabil |       |       |     1 ||     1
       Draw Out Power    |       |       |     1 ||     1
  Use: Scroll            |       |       |     2 ||     2
 Stab: Sleeping          |     2 |     2 |     1 ||     5
       Distracted        |       |       |     1 ||     1
  Eat: Chunk             |    13 |    13 |     8 ||    34
Armor: Robe              |    29 |    55 |    27 ||   111
Dodge: Dodged            |    51 |    83 |    74 ||   208
